 Dungeon Crawl Stone Soup version 0.28.0 (webtiles) character file.

Game seed: 5811359559443315796

259 Crownlay the Chopper (level 6, -4/52 (56) HPs)
             Began as a Hill Orc Fighter on Feb 17, 2022.
             Slain by a scorpion (5 damage)
             ... on level 4 of the Dungeon.
             The game lasted 00:04:02 (4906 turns).

Crownlay the Chopper (Hill Orc Fighter)             Turns: 4906, Time: 00:04:02

HP:   -4/52 (56)    AC:  6    Str: 21    XL:     6   Next: 17%
MP:   6/6           EV:  9    Int:  8    God:
Gold: 114           SH:  4    Dex: 10    Spells: 5/5 levels left

rFire   . . .      SeeInvis .   a - +0 war axe
rCold   . . .      Faith    .   c - +0 buckler
rNeg    . . .      Spirit   .   b - +0 scale mail
rPois   .          Reflect  .   (no helmet)
rElec   .          Harm     .   (no cloak)
rCorr   .          Rampage  .   (no gloves)
Will    .....                   (no boots)
Stlth   ..........              (no amulet)
HPRegen 0.17/turn               (no ring)
MPRegen 0.10/turn               (no ring)

@: lethally poisoned (-4 -> -12), drained
A: no striking features
a: no special abilities


You were on level 4 of the Dungeon.
You visited 1 branch of the dungeon, and saw 4 of its levels.

You collected 114 gold pieces.

Inventory:

Hand Weapons
 a - a +0 war axe (weapon)
Armour
 b - a +0 scale mail (worn)
 c - a +0 buckler (worn)
Jewellery
 g - a ring of willpower
Scrolls
 e - 5 scrolls of identify
 k - a scroll of fear {unknown}
 l - a scroll of enchant weapon {unknown}
 m - 2 scrolls of immolation {unknown}
 n - a scroll of fog {unknown}
 o - a scroll of summoning {unknown}
 p - a scroll of vulnerability {unknown}
 r - a scroll of teleportation {unknown}
 s - a scroll of silence {unknown}
Potions
 d - a potion of might
 f - a potion of haste {unknown}
 h - a potion of mutation {unknown}
 i - a potion of lignification {unknown}
 j - a potion of magic {unknown}
 q - a potion of degeneration {unknown}


   Skills:
 + Level 5.3 Fighting
 * Level 6.5 Axes
 - Level 3.2 Armour
 - Level 4.0 Shields


You had 5 spell levels left.
You didn't know any spells.
Your spell library was empty.

Dungeon Overview and Level Annotations

Branches:
Dungeon (4/15)
 Temple: D:4-7

Altars:


Message History

You closely miss the scorpion.
The scorpion is moderately wounded.
You feel extremely sick. The scorpion barely misses you.
You slash the scorpion!
The scorpion is severely wounded.
You feel very sick. The scorpion barely misses you.
You block the scorpion's attack.
You hit the scorpion.
The scorpion is severely wounded.
You feel very sick. The scorpion stings you!
You are more poisoned.
The scorpion poisons you!
You are too injured to fight recklessly!
You are too injured to fight recklessly!
You are too injured to fight recklessly!
You are too injured to fight recklessly!
You hit the scorpion but do no damage.
The scorpion is severely wounded.
You feel extremely sick. The scorpion stings you.
You block the scorpion's attack.
You barely miss the scorpion.
The scorpion is severely wounded.
* * * LOW HITPOINT WARNING * * *
You feel very sick.
The scorpion stings you but does no damage.
The scorpion closely misses you.
You closely miss the scorpion.
The scorpion is severely wounded.
* * * LOW HITPOINT WARNING * * *
You feel very sick. The scorpion stings you.
* * * LOW HITPOINT WARNING * * *
You hit the scorpion.
The scorpion is severely wounded.
* * * LOW HITPOINT WARNING * * *
You feel very sick. The scorpion barely misses you. The scorpion stings you.
You die...

###.# #.........(#
### #....(.....#
#|.........#
############
######### #
......s.#
############## #@#
##.......#...# #.#
##.###.#.....###.#
##.# #.#.........#
##.# #.##....##.##
##.# #..+....##..#
.#.# #.##....###.#
.#.# #...........#
.#.# #############


You could see a scorpion.

Vanquished Creatures
  A gnoll shaman (D:3)
  2 orc wizards (D:4)
  5 gnolls
  5 adders
  A worm (D:2)
  3 dart slugs (D:1)
  4 orcs
  9 ball pythons
  6 endoplasms
  2 giant cockroaches
  9 goblins
  4 hobgoblins
  6 jackals
  7 kobolds
  2 quokkas
  5 bats
  4 frilled lizards
  A jackal skeleton (D:4)
  3 rats
  A bush (D:1)
80 creatures vanquished.

Vanquished Creatures (others)
  12 fungi (D:4)
12 creatures vanquished.

Grand Total: 92 creatures vanquished

Notes
Turn   | Place    | Note
-------+----------+-------------------------------------------
     0 | D:1      | Crownlay the Hill Orc Fighter began the quest for the Orb.
     0 | D:1      | Reached XP level 1. HP: 19/19 MP: 1/1
   269 | D:1      | Reached skill level 3 in Axes
   404 | D:1      | Reached XP level 2. HP: 18/27 MP: 2/2
   622 | D:1      | Reached XP level 3. HP: 24/33 MP: 3/3
   846 | D:1      | Reached skill level 4 in Axes
  1439 | D:2      | Reached XP level 4. HP: 40/40 MP: 4/4
  1733 | D:2      | Found a faded altar of an unknown god.
  2275 | D:3      | Reached skill level 5 in Axes
  2531 | D:3      | Reached XP level 5. HP: 12/47 MP: 5/5
  2720 | D:3      | HP: 1/40 [gnoll (2)]
  3424 | D:2      | Reached skill level 5 in Fighting
  4160 | D:4      | Reached skill level 6 in Axes
  4229 | D:4      | Reached XP level 6. HP: 9/49 MP: 6/6
  4906 | D:4      | HP: 1/52 [poisoned by a scorpion]
  4906 | D:4      | Slain by a scorpion

Illustrated notes

Levels and vault maps discovered:
D:1:      evilmike_arrival_home_sweet_home, layout_basic
D:2:      minmay_wonky_spiral, layout_loops_cross,
          shapermc_ecumenical_altar_starsandcircs, item_on_display_a
D:3:      layout_loops_ring
D:4:      layout_basic, serial_aquarium, aquarium_bridge_island_small
          [aquarium_subvault_small_water, aquarium_subvault_balcony,
          aquarium_subvault_wall, aquarium_subvault_balcony,
          aquarium_subvault_bridge], aquarium_window_fake, aquarium_window_2,
          aquarium_view_2d, aquarium_view_2f

Skill      XL: |  1  2  3  4  5 |
---------------+----------------+-----
Axes           | 3 4 5 6 |  6.5
Fighting       | 4 5 |  5.3
Shields        | 4 |  4.0
Armour         | |  3.2

Action                   |  1- 3 |  4- 6 || total
-------------------------+-------+-------++-------
Melee: War axe           |   161 |   147 ||   308
  Use: Scroll            |       |     1 ||     1
Armor: Scale mail        |    68 |    60 ||   128
Dodge: Dodged            |    61 |    63 ||   124
Block: Buckler           |    20 |    28 ||    48
